 Dungeon Crawl Stone Soup version 0.31.0-9-g3a7656b989 (webtiles) character file.

Game seed: 13201426949285183420

3588550 puimuR the Conqueror (level 27, 323/323 HPs)
             Began as an Oni Artificer on Jan 31, 2024.
             Was a High Priest of Okawaru.
             Escaped with the Orb
             ... and 5 runes
             ... and 1 gem!
             The game lasted 07:03:33 (61383 turns).

puimuR the Conqueror (Oni Artificer)               Turns: 61383, Time: 07:03:33

Health: 323/323    AC: 39    Str: 30      XL:     27
Magic:  35/35      EV: 10    Int: 11 (12) God:    Okawaru [*****.]
Gold:   6059       SH: 23    Dex: 18 (20) Spells: 28/42 levels left

rFire   + . .        v - +9 broad axe (freeze)
rCold   + + +        W - +2 tower shield
rNeg    + . .        z - +7 gold dragon scales
rPois   +            s - -2 hat of the Alchemist {rElec rPois rF+ rC+ rN+ Will+ rMut rCorr}
rElec   +            C - +2 cloak {rCorr}
rCorr   +            (gloves unavailable)
SInv    .            (boots unavailable)
Will    +++..        Z - amulet "Efigaov" {Acrobat rF- rC+ Regen+ Dex+7} Stlth
                     V - +4 ring of slaying
HPRegen 1.53/turn    F - ring of the Tortoise {AC+8}
MPRegen 0.24/turn

%: acrobat, resist mutation
@: studying Hexes
A: large, unfitting armour, horns 1, tough skin 1, double potion healing,
drunken brawling, persistent drain
0: Orb of Zot
}: 5/15 runes: barnacled, slimy, silver, abyssal, gossamer
a: Renounce Religion, Heroism, Finesse, Duel


You escaped.
You worshipped Okawaru.
Okawaru was extremely pleased with you.
You visited 13 branches of the dungeon, and saw 57 of its levels.
You visited the Abyss 1 time.
You visited 1 bazaar.
You visited 1 ziggurat, and saw 9 of its levels.
You also visited: Trove and Wizlab.

You collected 8850 gold pieces.
You spent 2791 gold pieces at shops.

Inventory:

Hand Weapons
 h - a +8 broad axe of flaming
 n - a +1 sacred scourge of holy wrath
 v - a +9 broad axe of freezing (weapon)
 J - a +1 antimagic demon trident
Missiles
 j - 3 throwing nets
 P - 14 curare-tipped darts (quivered)
 T - 31 silver javelins
 Y - 109 large rocks
Armour
 s - the -2 hat of the Alchemist (worn) {rElec rPois rF+ rC+ rN+ Will+ rMut rCorr}
   (Okawaru gifted it to you on level 5 of the Lair of Beasts)

   rF+:       It protects you from fire.
   rC+:       It protects you from cold.
   rElec:     It insulates you from electricity.
   rPois:     It protects you from poison rN+: It protects you from negative
   energy.
   Will+:     It increases your willpower.
   rCorr:     It protects you from acid and corrosion.
   rMut:      It protects you from mutation.
 z - +7 gold dragon scales (worn)
 C - a +2 cloak of preservation (worn)
 W - a +2 tower shield (worn)
Jewellery
 a - the ring of the Endless Stars {rElec rF+ Str+2 Int+3}
   (You found it on level 5 of the Abyss)

   [ring of protection from fire]

   Str+2:     It affects your strength (+2).
   Int+3:     It affects your intelligence (+3).
   rF+:       It protects you from fire.
   rElec:     It insulates you from electricity.
 l - the ring of Daweap {rF++ Will+ Dex+6}
   (You found it on level 1 of the Realm of Zot)

   [ring of dexterity]

   Dex+6:     It affects your dexterity (+6).
   rF++:      It greatly protects you from fire.
   Will+:     It increases your willpower.
 u - an amulet of magic regeneration
 E - the ring of Daffodils {AC+4 Dex+4}
   (You took it off a deep elf demonologist on level 3 of the Elven Halls)

   [ring of protection]

   AC+4:      It affects your AC (+4).
   Dex+4:     It affects your dexterity (+4).
 F - the ring of the Tortoise (right hand) {AC+8}
   (You took it off a deep elf demonologist on level 3 of the Elven Halls)

   [ring of protection]

   AC+8:      It affects your AC (+8).
 L - the ring of Broken Luck {rElec AC+4 Dex+3}
   (You found it on level 5 of a ziggurat)

   [ring of protection]

   AC+4:      It affects your AC (+4).
   Dex+3:     It affects your dexterity (+3).
   rElec:     It insulates you from electricity.
 M - a ring of flight
 N - a ring of see invisible
 U - a +7 ring of evasion
 V - a +4 ring of slaying (left hand)
 Z - the amulet "Efigaov" (around neck) {Acrobat rF- rC+ Regen+ Dex+7}
   (You found it on level 8 of a ziggurat)

   [amulet of the acrobat]

   Acrobat:   It increases your evasion while moving and waiting.
   Dex+7:     It affects your dexterity (+7).
   rF-:       It makes you vulnerable to fire.
   rC+:       It protects you from cold.
   Regen+:    It increases your rate of health regeneration.
Wands
 c - a wand of flame (59)
 e - a wand of iceblast (1)
 m - a wand of digging (8)
 w - a wand of light (24)
 R - a wand of roots (30)
Scrolls
 o - 3 scrolls of brand weapon
 q - a scroll of revelation
 x - 4 scrolls of fear
 y - 3 scrolls of blinking
 A - 3 scrolls of fog
 H - 3 scrolls of silence
 I - 6 scrolls of teleportation
 K - 2 scrolls of summoning
Potions
 b - 4 potions of heal wounds
 f - 5 potions of brilliance
 g - 7 potions of curing
 i - 2 potions of might
 k - 7 potions of attraction
 p - a potion of haste
 r - 2 potions of resistance
 t - 4 potions of berserk rage
 B - 10 potions of ambrosia
 D - 8 potions of lignification
 G - 5 potions of magic
 O - 9 potions of mutation
 Q - 2 potions of enlightenment
 X - 2 potions of invisibility
Miscellaneous
 d - a tin of tremorstones (2/2)


   Skills:
 O Level 27 Fighting
 - Level 20.4 Axes
 - Level 15.0 Throwing
 - Level 17.1 Armour
 - Level 13.9 Dodging
 - Level 0.6 Stealth
 - Level 17.8 Shields
 - Level 8.0 Spellcasting
 - Level 1.5 Conjurations
 + Level 15.9 Translocations
 - Level 1.5 Fire Magic
 - Level 10.9 Air Magic
 - Level 8.0 Invocations
 - Level 4.1 Evocations
 - Level 16.0 Shapeshifting


You had 28 spell levels left.
You knew the following spells:

 Your Spells              Type           Power      Damage    Failure   Level
a - Foxfire               Conj/Fire      28%        2x1d5     88%         1
b - Ozocubu's Armour      Ice            4%         N/A       100%        3
c - Blink                 Tloc           78%        N/A       1%          2
d - Manifold Assault      Tloc           39%        N/A       4%          4
e - Vhi's Electric Charg  Tloc/Air       68%        N/A       14%         4

Your spell library contained the following spells:

 Spells                   Type           Power      Damage    Failure   Level
 Lesser Beckoning         Tloc           78%        N/A       1%          2
 Gell's Gravitas          Tloc           39%        N/A       1%          3
 Teleport Other           Tloc           39%        N/A       1%          3
 Momentum Strike          Conj/Tloc      46%        3d9       14%         2
 Volatile Blastmotes      Fire/Tloc      46%        2d13      28%         3
 Mercury Vapours          Alch/Air       32%        N/A       50%         2
 Dispersal                Tloc           19%        N/A       58%         6
 Iskenderun's Mystic Bla  Conj/Tloc      23%        2d6       67%         4
 Cigotuvi's Dreadful Rot  Necr/Alch/Air  24%        N/A       75%         2
 Dimensional Bullseye     Hex/Tloc       11%        N/A       78%         4
 Mephitic Cloud           Conj/Alch/Air  13%        N/A       88%         3
 Kiss of Death            Conj/Necr      24%        2d7       95%         1
 Scorch                   Fire           14%        2d5       96%         2
 Necrotise                Necr           16%        1d4       98%         1
 Slow                     Hex            16%        N/A       98%         1
 Ensorcelled Hibernation  Hex/Ice        8%         N/A       99%         2
 Jinxbite                 Hex            8%         N/A       99%         2
 Sublimation of Blood     Necr           4%         N/A       99%         2
 Confusing Touch          Hex            4%         N/A       100%        3
 Dazzling Flash           Conj/Hex       12%        N/A       100%        3
 Fugue of the Fallen      Necr           4%         N/A       100%        3
 Hailstorm                Conj/Ice       6%         3d5       100%        3
 Inner Flame              Hex/Fire       6%         N/A       100%        3
 Sigil of Binding         Hex            4%         N/A       100%        3
 Vampiric Draining        Necr           4%         2d6       100%        3
 Anguish                  Hex/Necr       2%         N/A       100%        4
 Cause Fear               Hex            2%         N/A       100%        4
 Dispel Undead            Necr           4%         3d7       100%        4
 Flame Wave               Conj/Fire      7%         2d5       100%        4
 Fulminant Prism          Conj/Alch      3%         3d5       100%        4
 Ignite Poison            Fire/Alch      6%         N/A       100%        4
 Petrify                  Alch/Erth      4%         N/A       100%        4
 Sticky Flame             Fire/Alch      6%         2d4       100%        4
 Arcjolt                  Conj/Air       9%         1d19      100%        5
 Curse of Agony           Necr           4%         N/A       100%        5
 Freezing Cloud           Conj/Ice/Air   6%         6-21      100%        5
 Irradiate                Conj/Alch      3%         3d12      100%        5
 Iskenderun's Battlesphe  Conj           7%         2d6       100%        5
 Lee's Rapid Deconstruct  Erth           2%         3d4*      100%        5
 Metabolic Englaciation   Hex/Ice        2%         N/A       100%        5
 Silence                  Hex/Air        8%         N/A       100%        5
 Yara's Violent Unravell  Hex/Alch       2%         3d3       100%        5
 Bombard                  Conj/Erth      3%         9d1       100%        6
 Plasma Beam              Fire/Air       9%         2x1d19    100%        6
 Starburst                Conj/Fire      3%         6d3       100%        6
 Enfeeble                 Hex            2%         N/A       100%        7
 Borgnjor's Revivificati  Necr           2%         N/A       100%        8
 Disjunction              Tloc           19%        N/A       100%        8
 Ignition                 Fire           3%         3d4       100%        8
 Maxwell's Capacitive Co  Air            14%        ∞         100%        8
 Death's Door             Necr           2%         N/A       100%        9
 Summon Lightning Spire   Summ/Air       Unusable   N/A       N/A         4
 Call Canine Familiar     Summ           Unusable   N/A       N/A         3
 Summon Ice Beast         Ice/Summ       Unusable   N/A       N/A         3
 Animate Armour           Summ/Erth      Unusable   N/A       N/A         4
 Martyr's Knell           Necr/Summ      Unusable   N/A       N/A         4
 Sculpt Simulacrum        Ice/Alch       Unusable   N/A       N/A         6
 Haunt                    Necr/Summ      Unusable   N/A       N/A         7
 Spellforged Servitor     Conj/Summ      Unusable   N/A       N/A         7
 Infestation              Necr           Unusable   N/A       N/A         8
 Summon Horrible Things   Summ           Unusable   N/A       N/A         8

Dungeon Overview and Level Annotations

Branches:
Dungeon (15/15)            Temple (1/1) D:6            Lair (5/5) D:8
 Shoals (4/4) Lair:3       Spider (4/4) Lair:3        Slime (5/5) Lair:4
    Orc (2/2) D:11            Elf (3/3) Orc:2        Vaults (5/5) D:13
  Crypt (3/3) Vaults:2       Tomb (0/3) Crypt:3      Depths (4/4) D:15
   Hell (visited)             Zot (5/5) Depths:4     WizLab (visited)
    Dis: Hell:1         Geh: Hell:1         Coc: Hell:1         Tar: Hell:1

Altars:
Ashenzari
Cheibriados
Dithmenos
Elyvilon
Fedhas
Gozag
Hepliaklqana
Kikubaaqudgha
Makhleb
Nemelex Xobeh
Okawaru
Qazlal
Ru
Sif Muna
Trog
Uskayaw
Vehumet
Wu Jian
Xom
Yredelemnul
Zin
The Shining One
Jiyva

Shops:
D:6 :[===*   D:9 :   Orc:2 ((=!   Elf:2 ?   Vaults:5 [   Depths:3 :

Portals:
Hell: Depths:1 Depths:2 Depths:3 Depths:4
Abyss: Depths:3
Pandemonium: Depths:2

Annotations:
D:3 exclusion: downstairs
D:5 exclusion: upstairs
D:6 exclusion: downstairs
D:7 1 exclusion
D:8 exclusion: downstairs
D:11 exclusion: downstairs
D:12 exclusion: downstairs
Lair:2 exclusion: oklob plant
Shoals:3 exclusion: downstairs
Spider:3 1 runed translucent door, Kenran's ghost, adept GrGl
Elf:2 exclusion: downstairs
Zot:3 3 runed translucent doors, runemage's ghost, legendary GnFi


Innate Abilities, Weirdness & Mutations

You are too large for most types of armour.
You have a pair of small horns on your head.
You have tough skin. (AC +1)
You gain doubled healing and magic from potions.
Whenever you drink a healing potion, you attack all around you.
Your health recovers twice as slowly from being drained.


Message History

The Orb Guardian is lightly wounded.
You block the Orb Guardian's attack.
You slice the Orb Guardian!! You freeze the Orb Guardian.
You headbutt the Orb Guardian, but do no damage.
The Orb Guardian is heavily wounded.
You slice the great orb of eyes!! You freeze the great orb of eyes.
You block the Orb Guardian's attack.
You block the great orb of eyes's attack.
You slice the great orb of eyes!! You freeze the great orb of eyes.
You kill the great orb of eyes!
Okawaru accepts your kill.
You slash the Orb Guardian! You freeze the Orb Guardian.
The Orb Guardian hits you but does no damage.
You feel your strength returning.
You slice the Orb Guardian!! You freeze the Orb Guardian.
The Orb Guardian is almost dead.
You block the Orb Guardian's attack.
You closely miss the Orb Guardian.
You headbutt the Orb Guardian, but do no damage.
The Orb Guardian is almost dead.
The Orb Guardian hits you!!
You closely miss the Orb Guardian. You headbutt the Orb Guardian.
You kill the Orb Guardian!
Okawaru accepts your kill.
You climb upwards.
There is a stone staircase leading down here.
A hell beast comes into view.
The hell beast attacks as it pursues you!
You block the hell beast's attack. x2
You block the hell beast's attack. x2
You block the hell beast's attack. x2
The hell beast attacks as it pursues you!
You block the hell beast's attack. The hell beast misses you.
You block the hell beast's attack. x2
The hell beast attacks as it pursues you!
You block the hell beast's attack. The hell beast closely misses you.
You block the hell beast's attack. x2
There is a staircase leading out of the dungeon here.
The hell beast barely misses you. You block the hell beast's attack. x3
You have escaped!

#..####.#.......##......########
..## #.#...............# ###
#.##...........[..##
######...........##.##..##
#......#.......####......##
#.####.#.......# #..##...#
##.####.#.......# #..###..####
##........##############......#
.##...#.#######.@.######......#
....#...# #...828...##.......#
...###..####.........##.......#
##........##.........##...#..##
...####................#......#
##.####..#######...#.####...#.##
#.....#.# #.....# ##.....##
##.#.....#### #....## ###...#..†
#...........#
#...######.........


You could see a hell beast.

Vanquished Creatures
  the Royal Jelly (Slime:5)
  Dissolution (Slime:3)
  7 dread liches
  A pandemonium lord (Depths:4)
  An orb of fire (Zot:5)
  4 ancient liches
  11 Killer Klowns
  Saint Roka (Vaults:3)
  A curse toe (Zot:2)
  Geryon (Hell)
  5 caustic shrikes (Depths:4)
  7 golden dragons
  3 bone dragons
  3 electric golems
  2 Ice Fiends (Zig:7)
  16 tentacled monstrosities
  A walking earthen tome (Depths:2)
  24 Orb Guardians
  5 liches
  The ghost of confidenceinterval the Brawler, an adept OnSh of Okawaru (Spider:4)
  2 quicksilver dragons
  The ghost of ripuliukko the Eclecticist, an adept GrEE of Vehumet (Shoals:4)
  2 deep elf blademasters (Elf:3)
  5 deep elf master archers
  4 titans (Vaults:5)
  8 sphinxes
  7 tentacled starspawn
  12 acid blobs
  2 ancient champions (WizLab)
  Polyphemus (Shoals:3)
  An Executioner (Depths:1)
  7 death cobs
  The ghost of Skimidon the Martial Artist, an adept GnWr of Hepliaklqana (Shoals:4)
  8 shadow dragons
  Kirke (Shoals:1)
  Ilsuiw (Shoals:2)
  17 storm dragons
  4 revenants
  3 draconian knights
  16 azure jellies
  A tengu reaver (Vaults:5)
  Donald (Vaults:3)
  3 draconian monks
  A daeva (Depths:1)
  5 protean progenitors
  A nargun (Zig:7)
  8 frost giants
  5 deep elf sorcerers
  8 rockslimes
  2 draconian shifters (Zot:2)
  9 fire giants
  17 vault wardens
  2 iron dragons
  3 draconian scorchers
  6 deep elf elementalists (Elf:3)
  5 emperor scorpions
  2 spectral caustic shrikes (WizLab)
  2 angels
  9 ghost moths
  Louise (Shoals:2)
  A caustic shrike zombie (WizLab)
  2 cacodemons
  4 reapers
  A broodmother (Spider:3)
  3 curse skulls
  14 ironbound preservers
  15 ghouls
  4 orc warlords
  2 balrugs (Crypt:3)
  4 draconian annihilators
  A demonspawn blood saint (D:10)
  5 formless jellyfish
  12 very ugly things
  6 draconian stormcallers
  2 caustic shrike skeletons
  14 quicksilver oozes
  7 vampire knights
  11 stone giants
  7 ironbound thunderhulks
  11 green draconians
  An eleionoma (Zig:8)
  8 yellow draconians
  7 deep elf demonologists (Elf:3)
  2 wendigos (Zig:7)
  2 bunyips
  8 red draconians
  4 black draconians
  5 purple draconians
  6 deep elf annihilators (Elf:3)
  8 deep elf death magi
  8 dire elephants
  10 spark wasps
  6 white draconians (Zot:1)
  5 halazid warlocks (WizLab)
  5 war gargoyles
  An iron golem (Depths:2)
  3 eidola
  A spectral quicksilver dragon (WizLab)
  A quicksilver dragon zombie (WizLab)
  Josephine (Orc:1)
  2 crystal guardians (Vaults:4)
  An acid blob zombie (Crypt:1)
  4 blizzard demons
  8 merfolk impalers
  14 fire dragons
  3 merfolk javelineers
  A green death (Abyss:5)
  Snorg (Lair:4)
  7 jiangshi
  A shambling mangrove (Zig:8)
  9 entropy weavers
  11 ettins
  10 great orbs of eyes
  10 yaktaur captains
  5 mummy priests
  6 ice dragons
  4 deep elf high priests
  2 ogre magi
  2 hydras
  A peacekeeper (Vaults:4)
  A quicksilver dragon skeleton (Crypt:3)
  Erolcha (D:12)
  3 spriggan air magi
  3 hell beasts
  2 merfolk avatars
  39 vault guards
  4 rakshasas
  5 centaur warriors
  A salamander tyrant (Depths:2)
  An alligator (Zig:8)
  4 satyrs
  Erica (D:9)
  6 boulder beetles
  19 dancing weapons
  10 ironbound frosthearts
  5 catoblepae
  A ghost crab (Zig:8)
  2 jorogumos (Spider:2)
  An alligator snapping turtle (Shoals:2)
  3 death knights
  5 tengu warriors
  5 merfolk aquamancers (Shoals:4)
  3 deep troll earth magi
  11 death yaks
  3 two-headed ogres
  5 deep troll shamans
  2 occultists
  A naga warrior (Zig:2)
  2 orc high priests (Vaults:3)
  A sphinx skeleton (Depths:1)
  4 vampire magi
  Urug (Lair:2)
  24 hell knights
  5 demonic crawlers
  A naga sharpshooter (Zig:2)
  12 thrashing horrors
  2 spriggan berserkers
  15 deep elf knights
  2 soul eaters (Depths:1)
  6 skysharks
  7 wretched stars
  5 sun demons
  A shadow wraith (Abyss:5)
  2 spectral spark wasps
  4 iron trolls
  2 spark wasp zombies
  A mana viper (shapeshifter) (Vaults:5)
  5 pharaoh ants
  2 sixfirhies (Hell)
  35 deep trolls
  4 glowing orange brains
  10 flayed ghosts
  20 skeletal warriors
  8 arcanists
  13 deep elf archers
  14 sea snakes
  2 steelbarb worms (shapeshifter)
  A harpy (shapeshifter) (Elf:1)
  8 lindwurms
  4 bog bodies
  A bunyip skeleton (Crypt:3)
  16 phantasmal warriors
  7 orb spiders
  27 deep elf zephyrmancers
  13 necromancers
  23 ironbound convokers
  16 orc knights
  5 orc sorcerers
  19 harpies
  A wolf spider zombie (WizLab)
  2 stone giant zombies
  23 deep elf pyromancers
  A cyclops (shapeshifter) (Vaults:5)
  6 steelbarb worms
  4 shining eyes
  A shadow dragon skeleton (Hell)
  A goliath frog skeleton (Crypt:1)
  27 ugly things
  18 wolf spiders
  28 manticores
  22 moths of wrath
  20 fauns
  11 elephants
  17 meliai
  15 large abominations
  7 merfolk sirens
  A fire giant skeleton (Depths:1)
  9 cyclopes
  3 black mambas
  4 kobold blastminers
  16 vault sentinels
  Joseph (D:10)
  A rust devil (Depths:4)
  An apocalypse crab (Zig:9)
  3 stone giant skeletons
  9 torpor snails
  11 water nymphs
  5 smoke demons
  An eye of devastation (shapeshifter) (Vaults:5)
  An eye of devastation (Slime:2)
  A molten gargoyle (Hell)
  2 centaur zombies (Crypt:3)
  3 orange demons
  3 dire elephant skeletons
  10 cane toads
  A catoblepas zombie (Crypt:2)
  4 gargoyles
  21 yaktaurs
  Maggie (Lair:2)
  An unseen horror (Abyss:4)
  10 freezing wraiths
  A swamp worm zombie (Crypt:2)
  6 rime drakes
  An unseen horror (shapeshifter) (D:14)
  4 tengu conjurers
  A tormentor (Zig:7)
  6 komodo dragons
  6 guardian mummies
  2 efreet
  A catoblepas skeleton (Crypt:1)
  2 ancient zymes (Abyss:5)
  A hellwing (Zot:4)
  3 trolls
  2 spectral harpies (WizLab)
  A polar bear (Lair:3)
  19 merfolk
  9 wind drakes
  11 hornets
  A shadow dragon simulacrum (Crypt:1)
  6 glass eyes
  A raiju (shapeshifter) (D:15)
  15 blink frogs
  5 raiju
  An ettin zombie (Crypt:3)
  33 tarantellas
  A hydra skeleton (Crypt:1)
  8 snapping turtles
  3 harpy skeletons (Crypt:3)
  4 dream sheep (Shoals:2)
  79 slime creatures
  A jumping spider (shapeshifter) (Abyss:5)
  3 spriggan skeletons
  4 air elementals
  7 spriggan zombies
  25 jumping spiders
  2 ettin skeletons
  4 shadows (Crypt:3)
  4 spriggans
  25 culicivoras
  6 wyverns
  17 wraiths
  Eustachio (D:4)
  2 hogs
  2 ushabtiu (Zig:3)
  14 water elementals
  A golden eye (shapeshifter) (Elf:3)
  A vampire (D:10)
  A hog (shapeshifter) (Elf:2)
  3 fire elementals
  3 basilisks
  2 black mamba skeletons
  7 humans
  64 yaks
  3 wargs
  57 redbacks
  A redback (shapeshifter) (Vaults:5)
  3 vampire mosquitoes (D:13)
  2 neqoxecs
  A chaos spawn (Zot:2)
  Menkaure (D:5)
  4 small abominations
  A glowing shapeshifter zombie (Depths:1)
  A naga (Zig:2)
  9 water moccasins
  2 naga zombies (Hell)
  Duvessa (D:4)
  2 tengu skeletons
  A swamp worm (shapeshifter) (Vaults:4)
  A glowing shapeshifter skeleton (Depths:1)
  A sky beast (D:7)
  35 orc warriors
  8 ogres
  4 black bears
  14 wolves
  42 laughing skulls
  3 boggarts (Vaults:4)
  13 centaurs
  2 weeping skulls (Abyss:5)
  A phantom (D:5)
  2 kobold brigands
  8 bullfrogs
  A gnoll sergeant (D:12)
  A komodo dragon skeleton (Crypt:1)
  3 necrophages (Crypt:2)
  4 scorpions
  An elf skeleton (Crypt:1)
  9 wights
  Dowan (D:4)
  12 killer bees
  4 jellies
  A troll skeleton (Crypt:1)
  7 electric eels
  A polar bear skeleton (Crypt:2)
  A shapeshifter skeleton (Crypt:2)
  3 howler monkeys
  A bombardier beetle (D:4)
  5 human zombies
  A gnoll bouda (D:5)
  20 orc priests
  12 starcursed masses
  4 hounds
  4 sleepcaps
  6 iguanas
  20 orc wizards
  3 human skeletons
  7 hell rats
  A deep dwarf skeleton (Crypt:2)
  13 mummies
  Robin (D:4)
  12 gnolls
  7 adders
  2 shadow imps (D:7)
  3 white imps
  2 ufetubi (D:5)
  An adder skeleton (Crypt:2)
  A lava snake skeleton (Crypt:1)
  3 ribbon worms
  72 orcs
  6 bats
  9 endoplasms
  2 giant cockroaches
  16 hobgoblins
  4 jackals (D:2)
  4 quokkas
  A river rat zombie (Crypt:2)
  7 ball pythons
  6 frilled lizards
  A gnoll zombie (Crypt:1)
  17 goblins
  13 kobolds
  6 rats
  A spectral goblin (D:2)
  5 starspawn tentacles
2437 creatures vanquished.

Vanquished Creatures (others)
  A tentacled monstrosity (Zot:1)
  A shadow dragon (Depths:1)
  A protean progenitor (Zot:1)
  A balrug (D:8)
  A draconian scorcher (Zot:1)
  A draconian stormcaller (Zot:1)
  A purple draconian (Zot:1)
  2 spark wasps (Zot:1)
  An alligator (Zig:8)
  A thrashing horror (Abyss:5)
  A deep elf knight (Elf:2)
  A shadow demon (Zot:1)
  A large abomination (Abyss:5)
  A meliai (Spider:1)
  A moth of wrath (Zot:1)
  2 hellwings
  A merfolk (Shoals:3)
  A culicivora (Spider:4)
  A laughing skull (WizLab)
  2 wights (D:6)
  An orc (Orc:2)
  3 foxfires
  2 lurking horrors (Abyss:5)
  19 starspawn tentacles
48 creatures vanquished.

Grand Total: 2485 creatures vanquished

Notes
Turn   | Place    | Note
-------+----------+-------------------------------------------
     0 | D:1      | puimuR the Oni Artificer began the quest for the Orb.
     0 | D:1      | Reached XP level 1. HP: 19/19 MP: 1/1
    46 | D:1      | Reached skill level 2 in Fighting
    93 | D:1      | Reached XP level 2. HP: 22/29 MP: 2/2
   139 | D:1      | Reached skill level 3 in Fighting
   305 | D:1      | Reached skill level 4 in Fighting
   305 | D:1      | Reached XP level 3. HP: 39/39 MP: 3/3
   603 | D:2      | Found a faded altar of an unknown god.
   810 | D:2      | Reached skill level 5 in Fighting
   810 | D:2      | Reached XP level 4. HP: 36/50 MP: 4/4
  1077 | D:2      | Identified the +8 sling of Dialisor {speed, rC++ rN+ Will+
                  | Str-5}
  1380 | D:4      | Reached skill level 6 in Fighting
  1475 | D:4      | Reached XP level 5. HP: 54/61 MP: 5/5
  1495 | D:5      | Entered Level 5 of the Dungeon
  1533 | D:4      | Noticed Dowan
  1561 | D:4      | Noticed Robin
  1982 | D:4      | Found a burning altar of Makhleb.
  1982 | D:4      | Found a sacrificial altar of Ru.
  2025 | D:4      | Noticed Duvessa
  2052 | D:4      | Killed Duvessa
  2053 | D:4      | Reached skill level 8 in Fighting
  2053 | D:4      | Reached XP level 6. HP: 47/72 MP: 6/6
  2180 | D:5      | Found a blossoming altar of Fedhas.
  2185 | D:5      | Noticed Menkaure
  2198 | D:5      | Killed Menkaure
  2199 | D:5      | Reached skill level 9 in Fighting
  2199 | D:5      | Reached XP level 7. HP: 18/83 MP: 7/7
  2326 | D:5      | Reached skill level 10 in Fighting
  2469 | D:5      | Reached skill level 11 in Fighting
  2503 | D:5      | Found a sparkling altar of Nemelex Xobeh.
  2524 | D:5      | Found a stormy altar of Qazlal.
  2640 | D:5      | Reached XP level 8. HP: 97/97 MP: 8/8
  2895 | D:4      | Found a shadowy altar of Dithmenos.
  3036 | D:4      | Killed Robin
  3039 | D:4      | Noticed Eustachio
  3057 | D:4      | Killed Eustachio
  3058 | D:4      | Reached skill level 12 in Fighting
  3137 | D:4      | Found a radiant altar of Vehumet.
  3248 | D:4      | Killed Dowan
  3518 | D:6      | Found Woscham's One-of-a-Kind Rings.
  3571 | D:6      | Found Plog's Elemental Accessories.
  3591 | D:7      | Noticed a wyvern
  3623 | D:6      | Found a shimmering altar of Xom.
  3750 | D:6      | Reached skill level 13 in Fighting
  3847 | D:6      | Reached XP level 9. HP: 110/110 MP: 9/9
  3860 | D:6      | Reached skill level 1 in Axes
  3965 | D:6      | Found a staircase to the Ecumenical Temple.
  3973 | Temple   | Entered the Ecumenical Temple
  3977 | Temple   | Became a worshipper of Warmaster Okawaru
  4048 | D:6      | Found Arissuad's Armour Boutique.
  4050 | D:6      | Found Zaoxeriu's Book Boutique.
  4050 | D:6      | Found Byvynott's Jewellery Boutique.
  4078 | D:6      | Found Qadeqomod's Jewellery Boutique.
  4268 | D:6      | Found a white marble altar of Elyvilon.
  4278 | D:6      | Reached skill level 5 in Axes
  4304 | D:6      | Found a hide-covered altar of Uskayaw.
  4307 | D:6      | Reached * piety under Okawaru
  4946 | D:7      | Learned a level 1 spell: Foxfire
  5056 | D:7      | Reached skill level 1 in Invocations
  5086 | D:7      | Reached XP level 10. HP: 107/119 MP: 9/12
  5175 | D:7      | Reached ** piety under Okawaru
  5490 | D:7      | Reached skill level 1 in Conjurations
  5490 | D:7      | Reached skill level 1 in Fire Magic
  5555 | D:7      | Found an opulent altar of Gozag.
  5635 | D:9      | Noticed Erica
  5876 | D:8      | Noticed a cyclops
  5909 | D:8      | Killed a cyclops
  6127 | D:8      | Noticed an elephant
  6225 | D:8      | Killed an elephant
  6225 | D:8      | Reached *** piety under Okawaru
  6297 | D:6      | Bought a +7 ring of evasion for 792 gold pieces
  6377 | D:8      | Found a staircase to the Lair.
  6390 | Lair:1   | Entered Level 1 of the Lair of Beasts
  6391 | Lair:1   | Noticed a cane toad
  6813 | D:9      | Reached skill level 10 in Axes
  6824 | D:9      | Reached XP level 11. HP: 127/127 MP: 13/13
  6992 | D:9      | Noticed a two-headed ogre
  6997 | D:9      | Killed a two-headed ogre
  6997 | D:9      | Reached **** piety under Okawaru
  7123 | D:10     | Entered Level 10 of the Dungeon
  7133 | D:10     | Noticed Joseph
  7150 | D:10     | Killed Joseph
  7184 | D:10     | Found a shimmering blue altar of Sif Muna.
  7386 | D:10     | Found a glowing golden altar of the Shining One.
  7533 | D:12     | Noticed a tengu warrior
  7544 | D:12     | Noticed a tengu warrior
  7553 | D:11     | Killed a tengu warrior
  7713 | D:11     | Noticed a manticore
  7720 | D:11     | Killed a manticore
  7839 | D:11     | Found a staircase to the Orcish Mines.
  7886 | D:11     | Noticed a green ugly thing
  7895 | D:11     | Killed a green ugly thing
  8021 | D:11     | Noticed a manticore
  8031 | D:11     | Killed a manticore
  8104 | D:10     | Reached skill level 5 in Invocations
  8206 | D:10     | Found an ancient bone altar of Kikubaaqudgha.
  8403 | D:12     | Noticed Erolcha
  8408 | D:12     | Killed Erolcha
  8438 | D:12     | Killed a tengu warrior
  8439 | D:12     | Reached XP level 12. HP: 87/136 MP: 11/16
  9058 | Orc:1    | Entered Level 1 of the Orcish Mines
  9250 | Orc:1    | Noticed Josephine
  9418 | D:9      | Killed Erica
  9428 | D:9      | Found Rarophosocs's Book Shop.
  9802 | Orc:1    | Killed Josephine
  9803 | Orc:1    | Reached skill level 15 in Axes
 10375 | D:6      | Bought an amulet of reflection for 390 gold pieces
 10632 | Orc:2    | Entered Level 2 of the Orcish Mines
 10644 | Orc:2    | Found a flickering gateway to a bazaar.
 10903 | Orc:1    | Noticed a two-headed ogre
 10911 | Orc:1    | Killed a two-headed ogre
 10912 | Orc:1    | Reached skill level 14 in Fighting
 11082 | Orc:2    | Found a staircase to the Elven Halls.
 11136 | Bazaar   | Entered a bazaar
 11136 | Bazaar   | Found Anufuwku's Distillery.
 11136 | Bazaar   | Found Uroteom's Antique Armour Shop.
 11136 | Bazaar   | Found Riud's General Store.
 11136 | Bazaar   | Found Miajauck's Magic Scroll Shop.
 11138 | Bazaar   | Found Carour's Book Boutique.
 11138 | Bazaar   | Found Zaurom's Magic Scroll Shoppe.
 11158 | Bazaar   | Bought a potion of heal wounds for 85 gold pieces
 11165 | Bazaar   | Bought an embroidered cloak for 150 gold pieces
 11179 | Bazaar   | Bought a scroll of fear for 40 gold pieces
 11179 | Bazaar   | Bought a scroll of enchant weapon for 75 gold pieces
 11179 | Bazaar   | Bought a scroll of teleportation for 30 gold pieces
 11179 | Bazaar   | Bought a scroll of teleportation for 30 gold pieces
 11220 | Orc:2    | Reached skill level 15 in Fighting
 11263 | Orc:2    | Reached XP level 13. HP: 142/149 MP: 17/17
 11596 | Orc:2    | Reached skill level 16 in Fighting
 11766 | Orc:2    | Found Keebb's Jewellery Boutique.
 11766 | Orc:2    | Found Yceuciluhe's Weapon Shoppe.
 11768 | Orc:2    | Found Giofuito's Weapon Emporium.
 11770 | Orc:2    | Found Jiciod's Distillery.
 12078 | Lair:1   | Reached skill level 17 in Fighting
 12115 | Lair:1   | Reached ***** piety under Okawaru
 12197 | Lair:1   | You are sucked into a shaft and drop 1 floor!
 12197 | Lair:2   | Noticed Urug
 12259 | Lair:2   | Killed Urug
 12312 | Lair:2   | Learned a level 3 spell: Ozocubu's Armour
 12393 | Lair:3   | Reached skill level 18 in Fighting
 12568 | Lair:3   | Received a gift from Okawaru
 12712 | Lair:2   | Noticed Maggie
 12726 | Lair:2   | Killed Maggie
 12837 | Lair:2   | Reached skill level 1 in Armour
 13284 | Lair:3   | Found a staircase to the Shoals.
 13343 | Lair:3   | Found a hole to the Spider Nest.
 13349 | Lair:3   | Reached skill level 5 in Armour
 13349 | Lair:3   | Reached XP level 14. HP: 170/170 MP: 18/18
 13609 | Lair:5   | Entered Level 5 of the Lair of Beasts
 13619 | Lair:5   | Reached skill level 19 in Fighting
 13625 | Lair:4   | Received a gift from Okawaru
 14104 | Lair:5   | Received a gift from Okawaru
 14104 | Lair:5   | Reached ****** piety under Okawaru
 14109 | Lair:5   | Acquired a +3 broad axe of draining
 14109 | Lair:5   | Received a gift from Okawaru
 14110 | Lair:5   | Acquired the -2 hat of the Alchemist {rElec rPois rF+ rC+
                  | rN+ Will+ rMut rCorr}
 14110 | Lair:5   | Received a gift from Okawaru
 14110 | Lair:5   | Found the -2 hat of the Alchemist {rElec rPois rF+ rC+ rN+
                  | Will+ rMut rCorr}
 14158 | Lair:5   | Reached skill level 1 in Shields
 14328 | Lair:5   | Found the +8 storm bow {elec, penet}
 14333 | Lair:5   | Got an earthy gem with 1416 turns to spare
 14578 | Lair:4   | Received a gift from Okawaru
 14632 | Lair:4   | Reached skill level 5 in Shields
 14701 | Lair:4   | Noticed Snorg
 14716 | Lair:4   | Killed Snorg
 14937 | Spider:1 | Entered Level 1 of the Spider Nest
 14980 | Lair:3   | HP: 4/174 [demonic crawler (15)]
 15346 | Elf:1    | Entered Level 1 of the Elven Halls
 15358 | Orc:2    | Received a gift from Okawaru
 15406 | Elf:1    | Reached XP level 15. HP: 168/183 MP: 19/19
 16081 | Elf:1    | Paralysed by an air elemental for 1 turns
 16110 | Elf:1    | Received a gift from Okawaru
 16298 | Elf:2    | Reached skill level 10 in Shields
 16554 | Elf:3    | Entered Level 3 of the Elven Halls
 16769 | Elf:1    | Found an ancient bone altar of Kikubaaqudgha.
 17053 | Elf:3    | Reached skill level 20 in Fighting
 17151 | Elf:3    | Received a gift from Okawaru
 17212 | Elf:3    | Paralysed by an air elemental for 1 turns
 17314 | Elf:3    | Identified a scroll of acquirement
 17315 | Elf:3    | Acquired a manual of Axes
 17357 | Elf:3    | Paralysed by an air elemental for 1 turns
 17445 | Elf:3    | Noticed an azure jelly
 17454 | Elf:3    | Killed an azure jelly
 17845 | Elf:3    | Reached skill level 21 in Fighting
 17845 | Elf:3    | Reached XP level 16. HP: 153/197 MP: 20/20
 17882 | Elf:3    | Received a gift from Okawaru
 18072 | Elf:3    | Reached skill level 5 in Throwing
 18453 | Elf:2    | Paralysed by an air elemental for 1 turns
 18455 | Elf:2    | Paralysed by an air elemental for 1 turns
 18516 | Elf:2    | Received a gift from Okawaru
 18518 | Elf:2    | Paralysed by an air elemental for 1 turns
 18551 | Elf:2    | Found a radiant altar of Vehumet.
 18601 | Elf:2    | Found Zarall's Magic Scroll Boutique.
 18607 | Elf:2    | Bought a scroll of fear for 80 gold pieces
 18607 | Elf:2    | Bought a scroll of blinking for 150 gold pieces
 18607 | Elf:2    | Bought a scroll of enchant weapon for 150 gold pieces
 18607 | Elf:2    | Bought a scroll of identify for 40 gold pieces
 18607 | Elf:2    | Bought a scroll of identify for 40 gold pieces
 19035 | Shoals:1 | Entered Level 1 of the Shoals
 19588 | Spider:2 | Received a gift from Okawaru
 20035 | Spider:2 | Reached skill level 22 in Fighting
 20114 | Spider:2 | Received a gift from Okawaru
 20288 | Spider:2 | Reached XP level 17. HP: 80/205 MP: 18/21
 20439 | Spider:2 | Reached skill level 10 in Throwing
 21027 | Spider:3 | Received a gift from Okawaru
 21066 | Spider:3 | Found a runed translucent door.
 21066 | Spider:3 | Noticed Kenran's ghost (adept GrGl)
 21190 | Spider:4 | Entered Level 4 of the Spider Nest
 21212 | Spider:4 | Reached skill level 23 in Fighting
 21803 | Spider:4 | Found a runed translucent gate.
 21804 | Spider:4 | Found a runed translucent gate.
 21805 | Spider:4 | Found a runed translucent gate.
 21807 | Spider:4 | Noticed confidenceinterval's ghost (adept OnSh)
 21820 | Spider:4 | Killed confidenceinterval's ghost
 21831 | Spider:4 | Got Jehuwno's Textbook on the Map
 21835 | Spider:4 | Learned a level 2 spell: Blink
 21946 | Spider:4 | Reached skill level 1 in Translocations
 22326 | Spider:4 | Received a gift from Okawaru
 22333 | Spider:4 | Reached skill level 5 in Dodging
 22480 | Spider:4 | Identified the +0 pair of gloves of Reinuata {Will- rCorr
                  | Stlth+}
 22506 | Spider:4 | Got a gossamer rune of Zot
 22774 | Spider:3 | Reached XP level 18. HP: 205/222 MP: 24/24
 22994 | Shoals:2 | Found Uleqasch's CLEARANCE SALE!.
 22997 | Shoals:2 | Bought a scroll of blinking for 37 gold pieces
 23287 | Shoals:1 | Received a gift from Okawaru
 23477 | Shoals:1 | Noticed Kirke
 23507 | Shoals:1 | Killed Kirke
 23936 | Shoals:3 | Noticed Polyphemus
 24000 | Shoals:3 | Killed Polyphemus
 24000 | Shoals:3 | Noticed Ilsuiw
 24021 | Shoals:2 | Killed Ilsuiw
 24168 | Shoals:2 | Received a gift from Okawaru
 24442 | Shoals:3 | Noticed Louise
 24634 | Shoals:2 | Killed Louise
 24775 | Shoals:4 | Entered Level 4 of the Shoals
 25378 | Shoals:4 | Found an ancient bone altar of Kikubaaqudgha.
 25572 | Shoals:4 | Received a gift from Okawaru
 25778 | Shoals:4 | Identified the staff "Grom" {rElec rCorr Air}
 25919 | Shoals:4 | Found a runed translucent gate.
 25919 | Shoals:4 | Found a runed translucent gate.
 25919 | Shoals:4 | Found a runed translucent gate.
 25920 | Shoals:4 | Noticed ripuliukko's ghost (adept GrEE)
 25920 | Shoals:4 | Noticed Skimidon's ghost (adept GnWr)
 26158 | Shoals:4 | Reached XP level 19. HP: 213/231 MP: 25/25
 26204 | Shoals:4 | Reached skill level 15 in Shields
 26458 | Shoals:4 | Found a hide-covered altar of Uskayaw.
 26648 | Shoals:4 | Killed ripuliukko's ghost
 26663 | Shoals:4 | Killed Skimidon's ghost
 26678 | Shoals:4 | Identified the +4 pair of gloves of Jumy {-Cast +Blink
                  | rPois SInv}
 26836 | Shoals:4 | Received a gift from Okawaru
 26847 | Shoals:4 | Got a barnacled rune of Zot
 27663 | D:13     | Found a gate to the Vaults.
 27676 | Vaults:1 | Entered Level 1 of the Vaults
 27786 | Vaults:1 | Reached skill level 10 in Dodging
 28250 | D:14     | Received a gift from Okawaru
 28268 | D:15     | Entered Level 15 of the Dungeon
 28400 | D:14     | You are sucked into a shaft and drop 1 floor!
 28952 | D:15     | Found a staircase to the Depths.
 28989 | Depths:1 | Entered Level 1 of the Depths
 29285 | Vaults:1 | Received a gift from Okawaru
 29581 | Vaults:1 | Reached XP level 20. HP: 81/240 MP: 26/26
 29633 | Vaults:1 | Reached skill level 10 in Armour
 29752 | Vaults:1 | Reached skill level 1 in Spellcasting
 29805 | Vaults:1 | Received a gift from Okawaru
 30343 | Vaults:2 | Found a magical portal.
 30364 | Vaults:2 | Reached skill level 5 in Translocations
 30374 | WizLab   | Entered Borgnjor's Mausoleum
 30605 | WizLab   | Received a gift from Okawaru
 30623 | WizLab   | Reached skill level 5 in Spellcasting
 31516 | WizLab   | Got the Volume of the Lumpy Things
 31755 | Vaults:2 | Found a staircase to the Crypt.
 32756 | Vaults:3 | Received a gift from Okawaru
 33017 | Vaults:3 | Noticed Saint Roka
 33030 | Vaults:3 | Killed Saint Roka
 33165 | Vaults:2 | Learned a level 4 spell: Manifold Assault
 33170 | Vaults:2 | Learned a level 4 spell: Vhi's Electric Charge
 33264 | Vaults:2 | Reached XP level 21. HP: 236/248 MP: 33/33
 33531 | Vaults:3 | Noticed Donald
 33544 | Vaults:3 | Killed Donald
 33797 | Vaults:4 | Reached skill level 10 in Translocations
 33850 | Vaults:4 | Received a gift from Okawaru
 34490 | Vaults:4 | Identified the +1 orcbow "Dragonbane" {freeze, rPois Int+3}
 34517 | Vaults:4 | Received a gift from Okawaru
 34563 | Vaults:4 | Reached skill level 1 in Air Magic
 34754 | Vaults:5 | Entered Level 5 of the Vaults
 35143 | Vaults:1 | You fall into a shaft and drop 1 floor!
 35177 | Vaults:3 | Found a portal to a secret trove of treasure.
 35429 | Vaults:4 | Reached skill level 5 in Air Magic
 35926 | Vaults:4 | Received a gift from Okawaru
 36139 | Vaults:5 | Noticed a dread lich
 36286 | Vaults:5 | Reached XP level 22. HP: 172/256 MP: 34/34
 36699 | Vaults:5 | Received a gift from Okawaru
 37162 | Vaults:5 | Reached skill level 10 in Air Magic
 37162 | Vaults:5 | Reached XP level 23. HP: 238/250 MP: 35/35
 37351 | Vaults:5 | Noticed an ancient lich
 37362 | Vaults:5 | Identified the +1 short sword of the Smoking Seeker {flame,
                  | rN+}
 37422 | Vaults:5 | Noticed a dread lich
 37434 | Vaults:5 | Killed a dread lich
 37538 | Vaults:5 | Found Viwn's Antique Armour Emporium.
 37745 | Vaults:5 | Killed an ancient lich
 37802 | Vaults:5 | Identified the staff "Goceic" {rF+ rCorr Int+4 Dex-4 Fire
                  | Earth}
 37986 | Vaults:5 | Killed a dread lich
 38132 | Vaults:5 | Got a silver rune of Zot
 38485 | Crypt:1  | Entered Level 1 of the Crypt
 39518 | Depths:1 | Found an ancient bone altar of Kikubaaqudgha.
 39641 | Depths:1 | Found a one-way gateway to a ziggurat.
 39694 | Depths:1 | Found a gateway to Hell.
 39953 | Depths:1 | Reached XP level 24. HP: 235/278 MP: 35/35
 39966 | Depths:1 | Found a broken altar of Ashenzari.
 40177 | Depths:1 | Received a gift from Okawaru
 40289 | Depths:2 | You fall into a shaft and drop 2 floors!
 40289 | Depths:4 | Entered Level 4 of the Depths
 40302 | Depths:4 | Noticed a caustic shrike
 40303 | Depths:4 | Noticed a caustic shrike
 40304 | Depths:4 | Noticed a caustic shrike
 40306 | Depths:4 | Noticed a caustic shrike
 40309 | Depths:4 | Noticed a caustic shrike
 40313 | Depths:4 | Killed a caustic shrike
 40320 | Depths:4 | Killed a caustic shrike
 40321 | Depths:4 | Killed a caustic shrike
 40321 | Depths:4 | Killed a caustic shrike
 40325 | Depths:4 | Killed a caustic shrike
 41450 | Depths:3 | Reached skill level 15 in Throwing
 41537 | Depths:3 | Found a one-way gate to the infinite horrors of the Abyss.
 41583 | Depths:4 | Reached skill level 1 in Shapeshifting
 41601 | Depths:4 | Found a blossoming altar of Fedhas.
 42400 | Depths:3 | Identified the +0 long sword of Recklessness {spect, Will+
                  | Str+3 Dex+3 Stlth-}
 42481 | Depths:3 | Found Jewit's Book Boutique.
 42657 | Depths:2 | Received a gift from Okawaru
 42658 | Depths:2 | Reached skill level 5 in Shapeshifting
 43325 | Depths:2 | Found a one-way gate leading to the halls of Pandemonium.
 43833 | Depths:4 | Reached XP level 25. HP: 154/287 MP: 35/35
 44159 | Depths:4 | Found a gate to the Realm of Zot.
 44168 | Zot:1    | Entered Level 1 of the Realm of Zot
 44369 | Zot:1    | Reached skill level 10 in Shapeshifting
 44402 | Zot:1    | Acquired the ring of Niublet {rC+ Will++ Stlth+}
 44458 | Zot:2    | Received a gift from Okawaru
 45746 | Zot:1    | Found a transporter.
 45799 | Zot:1    | Found a transporter.
 46219 | Zot:1    | Received a gift from Okawaru
 46837 | Zot:1    | Identified the ring of Daweap {rF++ Will+ Dex+6}
 47138 | Zot:1    | Identified the ring "Keehe" {rPois rF+ Will+ rCorr Str-4}
 47157 | Zot:1    | Identified the +5 trident of the Ring {vamp, rF++ Str-2
                  | Dex+4}
 47305 | Hell     | Entered the Vestibule of Hell
 47305 | Hell     | Noticed Geryon
 47324 | Hell     | Killed Geryon
 47690 | Vaults:3 | You paid a toll of the horn of Geryon to enter a treasure
                  | trove
 47691 | Trove    | Entered a treasure trove
 47698 | Trove    | Identified the +0 tower shield of Generosity {rC+ rN+
                  | Stlth+}
 47709 | Trove    | Identified the +0 cloak of Discretion {*Corrode rN+ Will+
                  | Slay+2}
 48472 | Elf:3    | Identified the ring of Daffodils {AC+4 Dex+4}
 48531 | Elf:3    | Reached XP level 26. HP: 96/296 MP: 34/35
 48540 | Elf:3    | Reached skill level 15 in Shapeshifting
 48892 | Elf:3    | Identified the +12 glaive of Guff {flame, rF- rC+ rCorr
                  | Str+3}
 49077 | Elf:3    | Identified the +2 cloak of Brilliance {Dex+3}
 49127 | Elf:3    | Acquired 733 gold pieces
 49133 | Elf:3    | Identified the staff "Transmigrator" {rElec rN+ Conj}
 49318 | Orc:2    | Bought a potion of resistance for 130 gold pieces
 49318 | Orc:2    | Bought a potion of haste for 130 gold pieces
 49318 | Orc:2    | Bought a potion of haste for 130 gold pieces
 49318 | Orc:2    | Bought a potion of berserk rage for 65 gold pieces
 49328 | Orc:2    | Bought a potion of berserk rage for 65 gold pieces
 49328 | Orc:2    | Bought 2 potions of lignification for 78 gold pieces
 49328 | Orc:2    | Bought a potion of mutation for 104 gold pieces
 50754 | Zot:3    | Received a gift from Okawaru
 50828 | Zot:3    | Noticed runemage's ghost (legendary GnFi)
 50866 | Zot:3    | Found a runed translucent gate.
 50867 | Zot:3    | Found a runed translucent gate.
 50868 | Zot:3    | Found a runed translucent gate.
 51082 | Zot:5    | Entered Level 5 of the Realm of Zot
 51254 | Zot:5    | Reached skill level 24 in Fighting
 51317 | Zot:5    | Noticed a dread lich
 51341 | Zot:5    | Killed a dread lich
 51488 | Zot:5    | Noticed a Killer Klown
 51491 | Zot:5    | Noticed a Killer Klown
 51491 | Zot:5    | Noticed a Killer Klown
 51497 | Zot:5    | Noticed a Killer Klown
 51551 | Zot:5    | Killed a Killer Klown
 51700 | Zot:4    | Killed a Killer Klown
 51700 | Zot:4    | Received a gift from Okawaru
 51719 | Zot:5    | Killed a Killer Klown
 51812 | Zot:5    | Noticed a Killer Klown
 51892 | Zot:5    | Killed a Killer Klown
 52066 | Zot:5    | Noticed a Killer Klown
 52086 | Zot:5    | Killed a Killer Klown
 52217 | Zot:5    | Killed a Killer Klown
 52298 | Zot:5    | Noticed an orb of fire
 52322 | Zot:5    | Killed an orb of fire
 52328 | Zot:5    | Noticed a Killer Klown
 52344 | Zot:5    | Killed a Killer Klown
 52410 | Zot:5    | Noticed a Killer Klown
 52423 | Zot:5    | Killed a Killer Klown
 52454 | Zot:5    | Noticed an orb of fire
 52616 | Zot:5    | Noticed a Killer Klown
 52619 | Zot:5    | Noticed a dread lich
 52704 | Zot:5    | Reached skill level 25 in Fighting
 52780 | Zot:5    | Noticed a Killer Klown
 52801 | Zot:5    | Lost intelligence.
 52804 | Zot:5    | Killed a Killer Klown
 52805 | Zot:5    | Reached XP level 27. HP: 241/314 MP: 35/35
 53846 | Crypt:1  | Reached skill level 26 in Fighting
 54198 | Crypt:3  | Entered Level 3 of the Crypt
 54653 | Crypt:3  | Reached skill level 27 in Fighting
 54753 | Crypt:3  | Noticed an ancient lich
 54764 | Crypt:3  | Killed an ancient lich
 54877 | Crypt:3  | Found a staircase to the Tomb.
 54923 | Crypt:3  | Noticed a dread lich
 55009 | Crypt:3  | Noticed an ancient lich
 55022 | Crypt:3  | Killed an ancient lich
 55022 | Crypt:3  | Paralysed by a dread lich for 5 turns
 55047 | Crypt:3  | Killed a dread lich
 55074 | Crypt:3  | Got Ynkoc's Parchment of Sinister Deeds
 55199 | Crypt:3  | Reached skill level 15 in Armour
 55622 | Crypt:2  | Found an ancient bone altar of Kikubaaqudgha.
 55647 | Crypt:2  | Received a gift from Okawaru
 56299 | Zig:1    | Entered Level 1 of a ziggurat
 56456 | Zig:2    | Entered Level 2 of a ziggurat
 56477 | Zig:2    | Identified the +3 leather armour "Qir Zuda" {rPois rC++
                  | Str+2 Dex-5}
 56479 | Zig:3    | Entered Level 3 of a ziggurat
 56510 | Zig:4    | Entered Level 4 of a ziggurat
 56513 | Zig:4    | Noticed an ancient lich
 56545 | Zig:4    | Killed an ancient lich
 56629 | Zig:5    | Entered Level 5 of a ziggurat
 56673 | Zig:5    | Identified the ring of Broken Luck {rElec AC+4 Dex+3}
 56696 | Zig:6    | Entered Level 6 of a ziggurat
 56725 | Zig:6    | Identified the +9 orcbow of Uncomfortable Rashes {speed,
                  | rF+}
 56738 | Zig:7    | Entered Level 7 of a ziggurat
 56744 | Zig:7    | Paralysed by a wendigo for 1 turns
 56773 | Zig:7    | Found the sphere of Battle
 56818 | Zig:8    | Entered Level 8 of a ziggurat
 56865 | Zig:8    | Received a gift from Okawaru
 56881 | Zig:8    | Identified the amulet "Efigaov" {Acrobat rF- rC+ Regen+
                  | Dex+7}
 56910 | Zig:9    | Entered Level 9 of a ziggurat
 56942 | Zig:9    | Lost intelligence.
 57016 | Zig:9    | Got the Vademecum on Helpful Cinders
 57023 | Zig:9    | Identified the +2 robe "Sel Tyik" {Int+3}
 57398 | Lair:4   | Found a staircase to the Slime Pits.
 57399 | Lair:4   | Found a viscous altar of Jiyva.
 57420 | Slime:1  | Entered Level 1 of the Pits of Slime
 57496 | Slime:3  | Noticed Dissolution
 57578 | Slime:3  | Killed Dissolution
 57673 | Slime:5  | Entered Level 5 of the Pits of Slime
 57741 | Slime:5  | Found a viscous altar of Jiyva.
 57782 | Slime:5  | Received a gift from Okawaru
 58399 | Slime:5  | Noticed the Royal Jelly
 58840 | Slime:5  | Killed the Royal Jelly
 58853 | Slime:5  | Identified the orb "Kolossa" {light, rCorr Slay+3 Ice}
 58936 | Slime:5  | Identified the +4 flail "Iteliepe" {freeze, MP+9}
 58954 | Slime:5  | Identified the +5 plate armour of the Lily {rF+ rC+ Slay-3}
 58991 | Slime:5  | Got a slimy rune of Zot
 58992 | Slime:5  | Identified the amulet "Afukhlir" {Acrobat Harm Will+ rCorr
                  | Dex+3}
 59007 | Slime:5  | Identified the staff "Yvveph" {rF+ Str-3 Int+2 Conj Air}
 59501 | Depths:3 | Voluntarily entered the Abyss.
 59543 | Abyss:3  | Found a corrupted altar of Lugonu.
 59731 | Abyss:5  | Found a runed translucent door.
 59808 | Abyss:5  | Found a runed translucent door.
 59813 | Abyss:5  | Identified the ring of the Endless Stars {rElec rF+ Str+2
                  | Int+3}
 59825 | Abyss:5  | Received a gift from Okawaru
 59857 | Abyss:5  | Found a runed translucent door.
 59867 | Abyss:5  | Found a runed translucent door.
 60033 | Abyss:5  | Found a corrupted altar of Lugonu.
 60064 | Abyss:5  | Noticed a dread lich
 60074 | Abyss:5  | Killed a dread lich
 60086 | Abyss:5  | Found a corrupted altar of Lugonu.
 60099 | Abyss:5  | Got an abyssal rune of Zot
 60155 | Depths:3 | Escaped the Abyss
 60507 | Zot:5    | Killed a dread lich
 60572 | Zot:5    | Noticed a dread lich
 60597 | Zot:5    | Killed a dread lich
 60598 | Zot:5    | Reached skill level 15 in Translocations
 60804 | Zot:5    | Got the Orb of Zot
 60819 | Zot:5    | Noticed Nolic the pandemonium lord
 60824 | Zot:5    | Gained mutation: Your health recovers twice as slowly from
                  | being drained. [an orb of fire]
 60916 | Zot:1    | Noticed Offat the pandemonium lord
 60921 | Depths:4 | Noticed Eprutada the pandemonium lord
 60930 | Depths:4 | Killed Eprutada the pandemonium lord
 60930 | Depths:4 | Received a gift from Okawaru
 61149 | D:11     | Noticed Erer the pandemonium lord
 61201 | D:8      | Noticed Umi Ciugukk the pandemonium lord
 61317 | D:4      | Noticed Xudodgh the pandemonium lord
 61383 | D:$      | Escaped with the Orb!

Illustrated notes

Levels and vault maps discovered:
D:1:      mrwooster_arrival_statue, layout_rooms
D:2:      layout_loops_corners, dreamdust_ecumenical_altar_drowned_temple,
          minivault_26, minmay_octomino_c4
D:3:      layout_basic, grunt_decor_cap
D:4:      layout_loops_corners, mainiacjoe_overflow_cross_hatched,
          mainiacjoe_overflow_chevrons, amethyst_overflow_temple_binary,
          wad_floor_pattern_2, hangedman_decor_growths, minmay_liquid_box,
          uniq_robin, uniq_eustachio, uniq_duvessa
D:5:      layout_gridville, grunt_temple_overflow_forces_of_nature,
          nemelex_spade_bored_becter, uniq_menkaure
D:6:      layout_loops_corners, xom_butterflies, jmf_multi_god_temple2,
          minmay_temple_entry_trees, minmay_shop_grid_forest,
          nicolae_elemental_shop, nicolae_shop_unique_rings,
          hangedman_minor_gate_pass
D:7:      minmay_polygon_palace, layout_basic, marbit_many_paths,
          minmay_crystal_room
D:8:      layout_cave_pods, david_lair_generic
D:9:      layout_irregular_city, serial_shops, shop_statue, uniq_erica
D:10:     layout_irregular_city, mainiacjoe_overflow_alcove_1, led_sif_book,
          amcnicky_altar_gilded, nicolae_tso_swordbearing_angel, uniq_joseph
D:11:     layout_basic, erik_orc_4
D:12:     layout_roguey, serial_glass, glass_columns_b, glass_columns_c,
          glass_columns_c, glass_columns_a, glass_columns_c, glass_columns_a,
          uniq_erolcha
D:13:     layout_long_grid, ximxim_vaults_locker_room
D:14:     layout_cave_pods, serial_park_square1 [serial_park_minivault_5x5_1],
          grunt_ministairs_3
D:15:     grunt_enter_depths_hoard, layout_basic, marbit_kobold_abyssish
Temple:   hellmonk_temple_two_chambers
Lair:1:   layout_misc_corridors, grunt_megastairs_1
Lair:2:   layout_big_grid, pdpol_lair_neglected_garden,
          infiniplex_staircase_pool, serial_bayou_shore_a, uniq_urug,
          uniq_maggie
Lair:3:   layout_cellular_growth, nicolae_shoals_entry_roost,
          spider_nest_entry_webs, grunt_megastairs_4, serial_bayou_shore_b
Lair:4:   layout_misc_corridors, slime_entry_1, st_stairs_3,
          serial_bayou_pond_c, grunt_forest_large_clearing_hut,
          serial_bayou_shore_b, lemuel_fruit_fields, uniq_snorg
Lair:5:   evilmike_catoblepas_cave, layout_gridlike, lemuel_fruit_tree,
          grunt_megastairs_2
Shoals:1: layout_shoals, uniq_kirke
Shoals:2: layout_shoals, nicolae_shop_clearance
Shoals:3: layout_shoals, uniq_louise, uniq_polyphemus, uniq_ilsuiw
Shoals:4: shoals_end_simple, layout_shoals, shoal_ilsuiw,
          gammafunk_ghost_cemetery, hangedman_feature_mirror, uniq_roxanne
Spider:1: layout_spider_delve
Spider:2: nicolae_spider_mines_1, nicolae_spider_baby_got_redback
Spider:3: layout_chambers, ebering_ghost_inner_flame
Spider:4: spider_rune_water, ebering_ghost_rock_garden
Slime:1:  layout_caves, cheibrodos_slime_lost_civilization_6
Slime:2:  layout_caves
Slime:3:  layout_caves, dissolution_awaits
Slime:4:  layout_caves
Slime:5:  slime_pit_nicolae_amoeboid
Orc:1:    layout_caves, uniq_josephine
Orc:2:    st_orc_rangers, layout_caves, serial_shops, bzr_entry_water
Elf:1:    layout_onion_city, basic_altar, minivault_28, patterned_corridor
Elf:2:    elven_hall_of_blades_hangedman_original
          [nicolae_blade_entry_crossed_weapons], layout_onion_city,
          serial_shops, nicolae_shop_rolling_square, basic_altar, st_stairs_13,
          lemuel_elevator
Elf:3:    minmay_elf_hall_x, layout_loops_corners,
          portal_ice_cave_entry_frozen_things, grunt_megastairs_5
Vaults:1: nicolae_vaults_arrows, v_pattern_3, ontoclasm_vaults_pinch,
          nicolae_vaults_swerve, ontoclasm_vaults_shuriken,
          nicolae_vaults_cochlea, nicolae_vaults_yaktaur_gun_rack,
          nicolae_vaults_six-pack, nicolae_vaults_surprise_closet_hard,
          nicolae_vaults_heart-shaped_vault, layout_vaults_omnicross
Vaults:2: mu_enter_wizlab_5, nicolae_vaults_weapon_check,
          nicolae_vaults_big_angled_halls, nicolae_vaults_diamond_1,
          vaults_room_hallway, nicolae_vaults_trapezoid_1,
          nicolae_vaults_more_shelving_1, hangedman_vaults_corner_blocks,
          hangedman_vaults_restitches, nicolae_vaults_circle_grid_b,
          nicolae_vaults_little_squares_1, minmay_crypt_entry_simple_statues,
          layout_vaults_quadrants
Vaults:3: kennysheep_ogre_elephant_herders, nicolae_vaults_trapezoid_layered,
          nicolae_vaults_gold_heap, nicolae_vaults_closet_pinwheel_5,
          ontoclasm_vaults_misaligned, v_pattern_4, vaults_dpeg_ring,
          grunt_vaults_funnel, layout_vaults_chaotic_city,
          nicolae_trove_entry_isolated, uniq_donald, uniq_saint_roka
Vaults:4: st_lines, vaults_dpeg_hooks, grunt_vaults_swirl,
          nicolae_vaults_tangram_1, nicolae_vaults_sightless_eye,
          nicolae_vaults_rhombus_6, vaults_mumra_chevron_long,
          hangedman_vaults_hat, minmay_orc_keep, v_misc_15,
          nicolae_vaults_surprise_closet, nicolae_vaults_shelves_hall,
          v_misc_29, layout_vaults_maze
Vaults:5
Crypt:1:  layout_basic, grunt_crypt_arrival_guarded_gate
Crypt:2:  layout_misc_corridors, lemuel_upstairs_altar
Crypt:3:  quadcrypt_mu
Depths:1: layout_cave_pools, enter_ziggurat_d, pf_hell_entry_tar_spiral,
          special_room [special_room_morgue], kiku_gazebo_garden_becter,
          evilmike_ruin_ashenzari, serial_bayou_shore_b
Depths:2: dreamdust_merry_men, layout_basic, nicolae_tricolors,
          grunt_mini_vestibule, serial_corexii_hall,
          chequers_hall_statues_corner_a, corexii_hall_statues_l,
          corexii_hall_statues_u, rand_demon_pan_entry_8,
          kennysheep_generic_room_12, infiniplex_staircase_pool_2
Depths:3: ragdoll_tomb_raider, layout_gridville, serial_sigils_hangedman_shear,
          hell_entry, serial_shops, nicolae_shop_mannequins,
          hangedman_abyss_entry_splay
Depths:4: grunt_zot_entry_gee_three, layout_gridlike, pf_coc_iceberg,
          fedhas_altar_4, chequers_serial_rivers_micro_d
Hell
Zot:1:    gammafunk_its_a_trap, layout_gridlike, hangedman_swamp_dais
Zot:2:    layout_gridville, drop_trap
Zot:3:    nicolae_zot_stationary_front, layout_concentric_octagons,
          gammafunk_ghost_split
Zot:4:    layout_basic
Zot:5:    layout_gridlike

Skill      XL: |  1  2  3  4  5  6  7  8  9 10 11 12 13 14 15 16 17 18 19 20 21 22 23 24 25 26 27 |
---------------+----------------------------------------------------------------------------------+-----
Fighting       | 2 4 5 6 8 9 11 13 15 18 19 21 22 23 25 27 | 27.0
Evocations     | 4 |  4.1
Axes           | 7 10 13 15 16 17 18 20 | 20.4
Invocations    | 3 6 8 |  8.0
Conjurations   | 1 |  1.5
Fire Magic     | 1 |  1.5
Throwing       | 4 9 11 13 15 | 15.0
Armour         | 5 6 9 10 12 14 17 | 17.1
Shields        | 7 10 14 15 17 | 17.8
Dodging        | 5 10 13 | 13.9
Translocations | 3 8 12 15 | 15.9
Spellcasting   | 8 |  8.0
Air Magic      | 7 10 | 10.9
Shapeshifting  | 8 14 16 | 16.0
Stealth        | |  0.6

Action                     |  1- 3 |  4- 6 |  7- 9 | 10-12 | 13-15 | 16-18 | 19-21 | 22-24 | 25-27 || total
---------------------------+-------+-------+-------+-------+-------+-------+-------+-------+-------++-------
  Melee: Club              |   132 |       |       |       |       |       |       |       |       ||   132
         Headbutt          |    18 |     7 |     4 |    86 |   214 |   330 |   522 |   459 |  1061 ||  2701
         Dagger            |    53 |    42 |       |       |       |       |       |       |       ||    95
         Punch             |     1 |     1 |       |       |       |       |       |       |       ||     2
         Short sword       |       |     1 |       |       |       |       |       |       |       ||     1
         Battleaxe         |       |       |    22 |   502 |   626 |       |       |       |       ||  1150
         Broad axe         |       |       |       |       |   290 |  1346 |  1629 |  1305 |  3000 ||  7570
         Demon trident     |       |       |       |       |       |       |    58 |       |       ||    58
   Fire: Sling             |       |   111 |   335 |    29 |       |       |       |       |       ||   475
  Throw: Dart              |       |       |       |    36 |    15 |    23 |    11 |       |    21 ||   106
         Large rock        |       |       |       |    34 |    21 |    34 |    27 |    36 |    67 ||   219
         Javelin           |       |       |       |    10 |       |       |       |       |       ||    10
         Throwing net      |       |       |       |       |       |       |       |       |     1 ||     1
   Cast: Foxfire           |       |       |       |     2 |       |       |       |       |       ||     2
         Blink             |       |       |       |       |       |       |     1 |     1 |     2 ||     4
         Vhi's Electric Ch |       |       |       |       |       |       |       |     1 |       ||     1
 Invoke: Heroism           |       |       |     3 |    25 |    22 |    20 |    25 |    24 |    45 ||   164
         Finesse           |       |       |       |     2 |       |     1 |     3 |     2 |     7 ||    15
         Receive Weapon    |       |       |       |       |     1 |       |       |       |       ||     1
         Receive Armour    |       |       |       |       |     1 |       |       |       |       ||     1
  Evoke: Wand              |     4 |     2 |    13 |    21 |     3 |     1 |       |       |    18 ||    62
    Use: Scroll            |       |       |    11 |     9 |    18 |     7 |     6 |     7 |    37 ||    95
         Potion            |       |       |     1 |     1 |     1 |     3 |     3 |     8 |    38 ||    55
   Stab: Sleeping          |     1 |       |       |       |       |       |       |       |       ||     1
         Invisible         |       |       |       |       |       |    13 |       |       |       ||    13
         Held in net/web   |       |       |       |       |       |       |       |       |     1 ||     1
 Armour: Robe              |   122 |    57 |   121 |   283 |   105 |       |       |       |       ||   688
         Swamp dragon scal |       |       |       |       |   418 |   648 |   122 |       |       ||  1188
         Ice dragon scales |       |       |       |       |       |       |   430 |   464 |   277 ||  1171
         Gold dragon scale |       |       |       |       |       |       |       |       |  1836 ||  1836
  Dodge: Dodged            |    97 |    36 |    54 |   401 |   607 |   513 |   389 |   329 |   715 ||  3141
  Block: Other             |       |       |       |    25 |   125 |       |       |       |       ||   150
         Reflection        |       |       |       |     3 |    22 |    66 |    65 |    47 |    11 ||   214
         Kite shield       |       |       |       |       |   167 |   558 |       |       |       ||   725
         Tower shield      |       |       |       |       |       |   556 |  1595 |  1188 |  3293 ||  6632
